Map: 亚历山大港 - 天梯版

Players

SortOf - Winner!

  • Race: Zerg Zerg

DnS

  • Race: Protoss Protoss

Event: WESG 2018 Grand Finals

VOD

Have the link to the VOD?

Description

Time

  • Played on: March 13, 2019, 4:47 a.m.
  • Length: 9:23

All games in this series

Show
View Real Time Build Order
Export as new Build Order

SortOf Zerg - Winner!

Build Orders: Hatch First 

Get SALT Encoding   

  12  0:00  Drone  
  13  0:12  Overlord  
  13  0:18  Drone  
  14  0:31  Drone x2  
  16  0:49  Hatchery  
  15  0:54  Drone  
  15  0:57  Drone  
  17  1:02  Drone  
  18  1:11  Extractor  
  17  1:18  Spawning Pool  
  17  1:19  Drone  
  17  1:22  Drone  
  18  1:29  Drone  
  19  1:39  Drone  
  20  1:51  Drone  
  21  2:00  Hatchery  
  20  2:05  Queen  
  20  2:07  Zergling x2  
  23  2:13  Overlord  
  23  2:17  Drone  
  23  2:19  Drone  
  25  2:23  Drone  
  25  2:25  Drone  
  27  2:33  Drone  
  28  2:37  Queen  
  28  2:39  Zergling x2  
  31  2:45  Queen  
  31  2:48  Zergling x2  
  34  2:54  Overlord  
  34  2:56  Drone  
  35  3:02  Drone  
  36  3:18  Drone x7  
  42  3:29  Overlord  
  42  3:33  Overlord  
  41  3:35  Drone x3  
  41  3:39  Lair  
  44  3:43  Roach Warren  
  44  3:45  Drone x3  
  46  3:50  Queen  
  48  3:56  Spore Crawler  
  48  4:01  Spore Crawler  
  48  4:02  Spore Crawler, Drone  
  44  4:04  Drone x2  
  44  4:07  Spore Crawler  
  44  4:09  Spore Crawler  
  44  4:10  Queen  
  44  4:11  Drone x2  
  44  4:15  Drone  
  51  4:18  Drone x3  
  51  4:21  Drone, Extractor  
  51  4:22  Drone x2  
  51  4:23  Extractor  
  55  4:29  Spore Crawler  
  54  4:33  Drone x2  
  54  4:38  Hydralisk Den, Drone x2  
  58  4:39  Overlord  
  58  4:42  Spine Crawler, Drone  
  57  4:48  Overlord  
  57  4:50  Drone x3  
  57  4:51  Extractor  
  59  4:53  Drone x2  
  59  4:56  Overlord  
  59  4:59  Drone x2  
  63  5:05  Overlord  
  63  5:08  Muscular Augments, Hydralisk  
  63  5:11  Hydralisk  
  63  5:13  Hydralisk  
  69  5:15  Hydralisk  
  69  5:21  Hydralisk x2  
  71  5:25  Overseer  
  71  5:27  Drone x2  
  71  5:28  Drone x2  
  79  5:29  Hydralisk  
  79  5:35  Hydralisk  
  81  5:39  Extractor, Hydralisk  
  84  5:45  Overseer  
  84  5:46  Overlord  
  84  5:47  Hydralisk  
  86  5:52  Overlord  
  86  5:54  Overlord x2  
  86  5:55  Hydralisk  
  88  6:01  Hydralisk  
  88  6:02  Baneling Nest  
  89  6:05  Hydralisk  
  89  6:07  Zergling x6  
  94  6:11  Hydralisk  
  94  6:12  Hydralisk  
  94  6:17  Spine Crawler  
  97  6:25  Grooved Spines  
  95  6:34  Hydralisk  
  95  6:35  Hydralisk x2  
  95  6:36  Overlord  
  95  6:38  Drone  
  95  6:39  Drone x2  
  105  6:41  Overlord  
  105  6:42  Hydralisk  
  105  6:43  Hydralisk  
  105  6:45  Overlord  
  109  6:47  Overlord  
  109  6:50  Hydralisk x2  
  113  6:57  Hydralisk x2  
  113  7:00  Overlord  
  117  7:05  Hydralisk x2  
  117  7:06  Zergling x2  
  117  7:07  Zergling x2  
  123  7:13  Baneling x3  
  123  7:14  Zergling x2  
  123  7:15  Zergling x4  
  126  7:28  Hydralisk x4  
  134  7:31  Zergling x2  
  134  7:34  Baneling x4  
  135  7:39  Zergling x2  
  129  7:45  Zergling x16  
  129  7:47  Queen x2  
  129  7:48  Queen  
  130  7:54  Hydralisk  
  130  7:55  Hydralisk  
  120  8:00  Zergling x8  
  120  8:03  Hydralisk  
  120  8:04  Hydralisk  
  120  8:05  Zergling x2  
  129  8:07  Baneling  
  129  8:08  Baneling x4  
  129  8:09  Baneling  
  129  8:10  Baneling  
  129  8:11  Baneling x3  
  129  8:17  Hydralisk x2  
  133  8:24  Zergling x8  
  136  8:36  Baneling x8  
  136  8:37  Zergling x12  
  136  8:38  Zergling x2  
  140  8:42  Zergling x6  
  140  8:43  Zergling x2  
  140  8:46  Hydralisk  
  144  8:54  Hydralisk x3  
  146  8:56  Zergling x4  
  146  9:01  Zergling x8  
Show
View Real Time Build Order
Export as new Build Order

DnS Protoss 

Build Orders: 1 Gate Expand, Oracle Opening, Archon Immortal, Archon Drop 

Get SALT Encoding   

  12  0:00  Probe  
  13  0:12  Probe  
  14  0:20  Pylon  
  14  0:24  Probe  
  15  0:34  Probe  
  15  0:40  Gateway  
  15  0:42  Probe  
  16  0:49  Assimilator  
  17  0:52  Probe  
  18  1:04  Probe  
  19  1:16  Probe  
  20  1:25  Nexus  
  20  1:36  Cybernetics Core  
  21  1:40  Probe  
  21  1:46  Assimilator  
  21  1:52  Probe  
  22  1:55  Pylon  
  22  2:03  Adept  
  22  2:04  Probe  
  23  2:15  Probe  
  25  2:19  Stargate  
  26  2:23  Probe  
  26  2:27  Warp Gate  
  27  2:31  Probe  
  27  2:36  Probe  
  28  2:40  Stalker  
  28  2:44  Probe x2  
  33  2:52  Probe, Oracle  
  33  2:56  Probe  
  35  3:03  Probe  
  39  3:08  Probe  
  40  3:14  Pylon  
  40  3:15  Probe  
  41  3:20  Probe  
  41  3:25  Assimilator  
  42  3:27  Assimilator  
  42  3:28  Probe  
  42  3:32  Probe  
  42  3:37  Robotics Facility  
  42  3:38  Probe  
  43  3:41  Gateway  
  43  3:44  Probe  
  43  3:46  Probe  
  44  3:49  Twilight Council  
  44  3:54  Probe  
  45  3:56  Probe  
  47  4:06  Probe  
  48  4:10  Probe  
  48  4:15  Warp Prism  
  49  4:17  Gateway  
  49  4:18  Gateway  
  49  4:20  Probe  
  49  4:22  Zealot  
  52  4:25  Pylon  
  54  4:34  Templar Archives  
  54  4:43  Zealot  
  56  4:52  Nexus  
  56  4:54  Pylon x2  
  56  4:56  Observer  
  56  4:57  Probe x2  
  59  5:07  Pylon  
  59  5:09  Probe  
  59  5:12  High Templar x4  
  68  5:14  Forge  
  68  5:15  Immortal  
  68  5:16  Archon x2  
  68  5:28  Probe x2  
  74  5:37  Charge  
  74  5:49  Gateway  
  74  5:50  Gateway  
  74  5:51  Gateway  
  74  5:54  Gateway  
  74  5:56  Protoss Ground Weapons Level 1  
  74  5:57  Sentry  
  74  5:58  Sentry x2  
  74  6:03  Immortal  
  84  6:16  Probe x2  
  84  6:17  Probe  
  87  6:22  Zealot x4  
  95  6:36  Probe x2  
  95  6:39  Pylon  
  98  6:42  Pylon  
  98  6:43  Pylon  
  98  6:45  Probe  
  98  6:46  Assimilator  
  98  6:48  Probe, Assimilator  
  98  6:54  High Templar  
  101  6:58  Pylon  
  101  6:59  High Templar  
  101  7:00  Zealot x6  
  115  7:05  Archon  
  115  7:10  Observer  
  115  7:14  Pylon  
  115  7:15  Pylon  
  115  7:25  High Templar x2  
  115  7:26  Zealot x5  
  126  7:30  Archon  
  126  7:33  Probe  
  126  7:34  Probe x2  
  107  7:45  Zealot  
  107  7:46  Zealot x5  
  101  7:52  Immortal  
  80  8:02  Robotics Bay  
  74  8:08  Sentry x2, Zealot x6  
  74  8:10  Probe  
  74  8:11  Probe  
  92  8:13  Assimilator  
  92  8:14  Assimilator  
  92  8:22  Immortal  
  92  8:28  Probe  
  92  8:29  Probe  
  98  8:40  Zealot x6  
  110  8:48  Zealot x2  
  110  9:03  Zealot x6  
  106  9:17  Zealot x2  
Tags
 
Add a new tag
Caveats
  • Supply blocks, unpowered buildings, or Contaminate may cause inaccurate times.
  • Supply counts are checked every 10 seconds.